 Dungeon Crawl Stone Soup version 0.27-a0-1312-g5cdb2b3542 (webtiles) character file.

Game seed: 13501691642807762793

398 Zonian the Destroyer (level 6, -3/32 HPs)
             Began as a Tengu Conjurer on June 19, 2021.
             Slain by Grinder (4 damage)
             ... while paralysed by Grinder
             ... on level 4 of the Dungeon.
             The game lasted 00:06:43 (6341 turns).

Zonian the Destroyer (Tengu Conjurer)               Turns: 6341, Time: 00:06:43

Health: -3/32      AC:  2    Str:  7    XL:     6   Next: 83%
Magic:  5/13       EV:  2    Int: 20    God:
Gold:   73         SH:  0    Dex: 13    Spells: 10/13 levels left

rFire    . . .     SeeInvis .   h - +0 dagger
rCold    . . .     Faith    .   (no shield)
rNeg     . . .     Spirit   .   a - +0 robe
rPois    .         Reflect  .   (helmet restricted)
rElec    .         Harm     .   (no cloak)
rCorr    .         Rampage  .   (no gloves)
Will     .....                  (boots unavailable)
Stlth    ++........             (no amulet)
HPRegen  0.10/turn              (no ring)
MPRegen  0.13/turn              (no ring)

@: paralysed, flying quickly and evasively, quick
A: beak, talons 3, nimble flight
a: no special abilities


You were on level 4 of the Dungeon.
You visited 1 branch of the dungeon, and saw 4 of its levels.

You collected 73 gold pieces.

Inventory:

Hand Weapons
 b - a +0 dagger
 f - a +1 mace of distortion
 g - a +0 trident
 h - a +0 dagger (weapon)
Missiles
 j - 6 atropa-tipped darts
Armour
 a - a +0 robe (worn)
Scrolls
 e - 2 scrolls of amnesia
Potions
 c - a potion of degeneration {unknown}
 d - 2 potions of attraction
 k - 3 potions of curing


   Skills:
 + Level 0.2 Fighting
 + Level 2.4 Dodging
 + Level 3.3 Stealth
 + Level 4.0 Spellcasting
 + Level 8.2 Conjurations


You had 10 spell levels left.
You knew the following spells:

 Your Spells              Type           Power      Damage    Failure   Level
a - Magic Dart            Conj           100%       1d8       1%          1
b - Searing Ray           Conj           74%        3d6       1%          2

Your spell library contained the following spells:

 Spells                   Type           Power      Damage    Failure   Level
 Dazzling Flash           Conj/Hex       40%        N/A       7%          3
 Summon Small Mammal      Summ           16%        N/A       13%         1
 Call Imp                 Summ           4%         N/A       19%         2
 Fulminant Prism          Conj/Hex       10%        3d9       24%         4
 Iskenderun's Mystic Bla  Conj/Tloc      20%        2d6       24%         4
 Call Canine Familiar     Summ           4%         N/A       36%         3
 Summon Guardian Golem    Hex/Summ       4%         N/A       36%         3
 Summon Ice Beast         Ice/Summ       4%         N/A       77%         4
 Summon Lightning Spire   Summ/Air       4%         N/A       77%         4


Dungeon Overview and Level Annotations

Branches:
Dungeon (4/15)
 Temple: D:4-7

Altars:
Zin

Annotations:
D:4 Grinder


Innate Abilities, Weirdness & Mutations

You have a beak for a mouth.
You have claws for feet.
Your magical nature lets you fly swiftly and evasively.


Message History

You suddenly lose the ability to move!
Grinder says, "I used to sell toenails on the black market."
Grinder blinks!
Grinder says, "You look like you could use a good racking."
Grinder gestures at you.
You barely resist.
You can move again.
Casting: Searing Ray (safe; 1% risk of failure)
Confirm with . or Enter, or press ? or * to list all spells.
Aiming: Searing Ray (safe; 1% risk of failure)
Press: ? - help, Shift-Dir - straight line, f/p - Grinder
Aim: Grinder (moderately wounded, fast, 78% to hit)
The searing ray hits Grinder.
Grinder is moderately wounded. (Press . to maintain the ray.) Unknown command.
The searing ray hits Grinder!
Grinder is severely wounded.
Grinder closely misses you. Grinder barely misses you.
Unknown command.
The searing ray hits Grinder!
Grinder is almost dead.
Grinder gestures at you.
You suddenly lose the ability to move!
Your magical contamination has completely faded away.
Grinder says, "You look like you could use a good racking."
Grinder hits you!
You writhe in agony.
Grinder barely misses you. Grinder hits you. Grinder gestures at you.
You shrug off the repeated paralysis!
Grinder gestures at you. Pain shoots through your body!
Grinder gestures at you. You resist with significant effort. Grinder hits you!
* * * LOW HITPOINT WARNING * * *
You writhe in agony.
* * * LOW HITPOINT WARNING * * *
Grinder hits you.
You die...

**,*,,,,***,****,*,*,* *,,,,,
*,*,,,,,**,* #).,,,* *,**,*
**,*,,,,,,,,* #.#,*,* *,**,*
,,,***,****** #).,*,* **,**,*
**,* *,* #.#**,* *,,,,,* *,* *,*
#.# *,* *,,**** *,***+** #.###.#
*,,**** *,**,,,** #.....# *,,,,,,
*,*,,,,,** #@#**** *,*****
**,,,,,,,,** ##5## *,**,**
,,,,,,,,,..####.†.######***,,,,,,
,,,,,,,,,..'............,,,,,,,,,
,*,,,,,,,..####...######*****,,,*
,**,,,,,,,*##....## **,**
,***,,,,,*##.....## **** **
**,,,*##.......## *,,
####*#+#*#.........# *,*


You could see Grinder (fast).

Vanquished Creatures
  A necrophage (D:3)
  A hound (D:4)
  An orc priest (D:3)
  Natasha (twice) (D:2)
  An orc wizard (D:2)
  Robin (D:4)
  4 adders
  A gnoll (D:1)
  2 worms
  3 dart slugs
  8 orcs
  5 bats
  8 endoplasms
  2 giant cockroaches
  20 goblins
  6 hobgoblins
  3 jackals (D:1)
  7 quokkas
  8 ball pythons
  3 frilled lizards
  6 kobolds
  4 rats
  A toadstool (D:1)
98 creatures vanquished.

Vanquished Creatures (others)
  3 toadstools (D:1)
3 creatures vanquished.

Grand Total: 101 creatures vanquished

Notes
Turn   | Place    | Note
-------+----------+-------------------------------------------
     0 | D:1      | Zonian the Tengu Conjurer began the quest for the Orb.
     0 | D:1      | Reached XP level 1. HP: 10/10 MP: 4/4
   273 | D:1      | Reached XP level 2. HP: 15/15 MP: 4/6
  1249 | D:1      | Reached skill level 6 in Conjurations
  1618 | D:1      | Reached XP level 3. HP: 19/19 MP: 5/7
  1642 | D:1      | Learned a level 2 spell: Searing Ray
  2591 | D:2      | Reached XP level 4. HP: 24/24 MP: 5/8
  3109 | D:2      | Found a glowing silver altar of Zin.
  3129 | D:2      | Reached skill level 7 in Conjurations
  3175 | D:2      | Gained mutation: Your magical nature lets you fly swiftly
                  | and evasively. [Tengu growth]
  3175 | D:2      | Reached XP level 5. HP: 25/28 MP: 6/10
  3559 | D:2      | Found a faded altar of an unknown god.
  3694 | D:2      | Noticed Natasha
  3699 | D:2      | Killed Natasha
  3801 | D:2      | Noticed Natasha
  4076 | D:2      | Killed Natasha
  4911 | D:3      | Reached XP level 6. HP: 32/32 MP: 3/12
  5469 | D:3      | Noticed a necrophage
  5480 | D:3      | Killed a necrophage
  5481 | D:3      | Reached skill level 8 in Conjurations
  6091 | D:4      | Noticed Grinder
  6091 | D:4      | Noticed Robin
  6217 | D:4      | Killed Robin
  6330 | D:4      | Paralysed by Grinder for 4 turns
  6336 | D:4      | Paralysed by Grinder for 7 turns
  6341 | D:4      | HP: 1/32 [Grinder (2)]
  6341 | D:4      | Slain by Grinder

Illustrated notes

Levels and vault maps discovered:
D:1:      ldierk_water_garden, layout_basic
D:2:      layout_rooms, shapermc_ecumenical_altar_mp_highgroup, basic_altar,
          uniq_natasha
D:3:      layout_basic
D:4:      layout_loops_corners, uniq_robin, uniq_menkaure, uniq_ijyb,
          uniq_grinder

Skill      XL: |  1  2  3  4  5  6 |
---------------+-------------------+-----
Conjurations   | 6 7 8 |  8.2
Spellcasting   | 3 4 |  4.0
Stealth        | 3 |  3.3
Fighting       | |  0.2
Dodging        | |  2.4

Action                   |  1- 3 |  4- 6 || total
-------------------------+-------+-------++-------
Melee: Unarmed           |     7 |       ||     7
       Kick              |     2 |       ||     2
       Peck              |     1 |       ||     1
 Cast: Magic Dart        |    85 |   124 ||   209
       Searing Ray       |       |     8 ||     8
  Use: Scroll            |       |     5 ||     5
Armor: Robe              |     2 |     1 ||     3
Dodge: Dodged            |    14 |    10 ||    24

Table legend: (Time is in decaauts)
 A = Elapsed time spent in this place.
 B = Non-inter-level travel time spent in this place.
 C = Inter-level travel time spent in this place.
 D = Time resting spent in this place.
 E = Time spent auto-exploring this place.
 F = Levels seen in this place.
 G = Mean time per level.
                   A        B        C        D        E       F      G
               +--------+--------+--------+--------+--------+-----+--------+
         Total |   6231 |   6119 |    112 |   3103 |   2458 |   4 | 1557.8 |
       Dungeon |   6231 |   6119 |    112 |   3103 |   2458 |   4 | 1557.8 |
               +--------+--------+--------+--------+--------+-----+--------+

Top non-repeatable levels by time:
     D:1: 2717 daAuts
     D:3: 1679 daAuts
     D:2: 1523 daAuts
     D:4: 311 daAuts
